 Dungeon Crawl Stone Soup version 0.18-a0-1293-g5a2c81a (webtiles) character file.

240 Goblin1989 the Digger (level 5, 10/42 HPs)
             Began as a Deep Dwarf Earth Elementalist on Feb 10, 2016.
             Quit the game on level 3 of the Dungeon on Feb 11, 2016.
             The game lasted 00:25:17 (3026 turns).

Goblin1989 the Digger (DDEE)                        Turns: 3026, Time: 00:25:17

Health: 10/42      AC:  6    Str: 11    XL:     5   Next: 80%
Magic:  2/9        EV: 10    Int: 17    God:
Gold:   186        SH:  0    Dex: 13    Spells: 3 memorised, 1 level left

rFire  . . .     SeeInvis .     e - -3 hand axe (curse)
rCold  . . .     Gourm    .     B - +0 ring mail
rNeg   . . .     Faith    .     (no shield)
rPois  .         Spirit   .     (no helmet)
rElec  .         Dismiss  +     v - +0 cloak
rCorr  .         Reflect  .     (no gloves)
SustAt .         Harm     .     (no boots)
MR     .....                    b - amulet of dismissal
Stlth  +.........               (no ring)
                                s - ring of flight

@: very slightly contaminated, non-regenerating, not resistant to hostile
enchantments, very unstealthy
A: damage resistance, recharge devices, sense surroundings 1, slow regeneration
3
a: Device Recharging, Evoke Flight


You were on level 3 of the Dungeon.
You were hungry.

You visited 1 branch of the dungeon, and saw 3 of its levels.

You collected 186 gold pieces.

Inventory:

Hand Weapons
 e - a cursed -3 hand axe (weapon)
Missiles
 k - 10 poisoned needles
 w - 35 stones (quivered)
Armour
 v - a +0 cloak (worn)
 B - a +0 ring mail (worn)
Jewellery
 b - an amulet of dismissal (around neck)
 s - a ring of flight (left hand)
Wands
 h - a wand of flame (0/48)
 m - a wand of lightning (0/15)
 o - a wand of flame (22/48)
 p - a wand of flame (0/48)
Scrolls
 n - a scroll of identify
 t - 2 scrolls of enchant armour
 x - a scroll of amnesia
Potions
 g - a potion of curing
 j - a potion of invisibility
 q - 2 potions of flight
 r - a potion of haste {unknown}
 A - a potion of degeneration {unknown}
Books
 c - a book of Geomancy

   Spells                             Type                      Level
   a - Sandblast                      Earth                        1
   b - Passwall                       Transmutation/Earth          2
   c - Stone Arrow                    Conjuration/Earth            3
   d - Petrify                        Transmutation/Earth          4
   e - Lee's Rapid Deconstruction     Earth                        5
 l - a book of Changes

   Spells                             Type                      Level
   a - Beastly Appendage              Transmutation                1
   b - Sticks to Snakes               Transmutation                2
   c - Spider Form                    Transmutation/Poison         3
   d - Ice Form                       Ice/Transmutation            4
   e - Blade Hands                    Transmutation                5
Comestibles
 f - 3 bread rations
 i - a beef jerky
 z - 2 chunks of flesh


   Skills:
 + Level 0.9 Axes
 - Level 2.1 Dodging
 - Level 2.4 Stealth
 * Level 3.2 Spellcasting
 + Level 1.8 Conjurations
   Level 0.8 Transmutations
 * Level 6.3 Earth Magic
 - Level 1.5 Evocations


You had one spell level left.
You knew the following spells:

 Your Spells              Type           Power        Failure   Level  Hunger
a - Sandblast             Erth           ###...       3%          1    None
b - Stone Arrow           Conj/Erth      ###...       28%         3    ###....
c - Lee's Rapid Deconstr  Erth           ###.......   85%         5    ######.


Dungeon Overview and Level Annotations

Branches:
Dungeon (3/15)

Altars:
Kikubaaqudgha
Pakellas
Trog
Vehumet


Innate Abilities, Weirdness & Mutations

You are resistant to damage.
You can recharge devices by infusing magical energy.
You passively map a small area around you.
You do not regenerate naturally.


Message History

The worm is severely wounded.
You hit the worm but do no damage.
The worm is severely wounded.
The worm barely misses you.
Your ring mail prevents you from hitting the worm.
The worm is severely wounded.
The worm bites you.
You barely miss the worm.
The worm is severely wounded.
The worm barely misses you.
You hit the worm but do no damage.
The worm is heavily wounded.
You hit the worm.
The worm is almost dead.
The worm bites you!
* * * LOW HITPOINT WARNING * * *
You hit the worm but do no damage.
The worm is almost dead.
The worm closely misses you.
Are you sure you want to abandon this character and quit the game? (Confirm with "yes".)

########## #.........
################## #.########
####................# #.#...####
..................#.####.#.#.#<.#
.................................
####.##.##.######...####.#......#
#.##.#.......##..# #.##..####
#....#.......@...# #.....# #
######.......#w..#######.#####
#..........#.#(.............
#.##.......#.#..######.#####
#.....#<..##.##)# #.#
##########.######.##.## #.#
#.................##..# #.#
#.#####.....#####.###.## #.# *
#.# #....## ### #..# #.# *


You could see a worm.

Vanquished Creatures
  Crazy Yiuf (D:2)
  Natasha (thrice) (D:3)
  4 gnolls (D:3)
  3 adders
  An ooze (D:2)
  A giant gecko (D:2)
  11 orcs (D:3)
  8 bats
  4 giant cockroaches
  6 goblins
  5 hobgoblins
  4 jackals (D:3)
  2 quokkas (D:3)
  A ball python (D:1)
  4 giant newts
  4 kobolds
  4 rats
66 creatures vanquished.

Notes
Turn   | Place    | Note
--------------------------------------------------------------
     0 | D:1      | Goblin1989 the Deep Dwarf Earth Elementalist began the quest for the Orb.
     0 | D:1      | Reached XP level 1. HP: 15/15 MP: 3/3
   328 | D:1      | Reached XP level 2. HP: 20/22 MP: 2/4
   826 | D:2      | Reached skill level 1 in Evocations
   988 | D:2      | Found an ancient bone altar of Kikubaaqudgha.
  1048 | D:2      | Reached XP level 3. HP: 25/28 MP: 3/6
  1082 | D:2      | Learned a level 3 spell: Stone Arrow
  1376 | D:2      | Found a bloodstained altar of Trog.
  1487 | D:2      | Noticed Crazy Yiuf
  1493 | D:2      | Killed Crazy Yiuf
  1493 | D:2      | Reached skill level 5 in Earth Magic
  1727 | D:3      | Reached XP level 4. HP: 32/36 MP: 5/7
  1861 | D:3      | Noticed Natasha
  1865 | D:3      | Killed Natasha
  1865 | D:3      | Reached skill level 1 in Conjurations
  1990 | D:3      | Noticed Natasha
  2009 | D:3      | Killed Natasha
  2060 | D:3      | Reached XP level 5. HP: 29/42 MP: 7/9
  2285 | D:3      | Noticed Natasha
  2290 | D:3      | Killed Natasha
  2290 | D:3      | Reached skill level 6 in Earth Magic
  2663 | D:3      | Found a radiant altar of Vehumet.
  2758 | D:3      | Found an oddly glowing altar of Pakellas.
  2876 | D:3      | Learned a level 5 spell: Lee's Rapid Deconstruction
  3026 | D:3      | Quit the game

Vault maps used:
D:1:      minmay_arrival_open_corners
D:2:      old_standard_altar, bloody_trog, first_bread, uniq_crazy_yiuf_cottage
D:3:      grunt_pakellas_mercury, vehumet_altar_wand_db, lemuel_another_geyser,
          uniq_natasha

Action                   |  1- 3 |  4- 6 || total
-------------------------+-------+-------++-------
Melee: Dagger            |    18 |       ||    18
       Hand axe          |       |    27 ||    27
 Cast: Sandblast         |    40 |    27 ||    67
       Stone Arrow       |       |    23 ||    23
Evoke: Wand              |       |    22 ||    22
  Use: Scroll            |       |     7 ||     7
  Eat: Chunk             |     3 |     6 ||     9
